 Dungeon Crawl Stone Soup version 0.23.1 (webtiles) character file.

Game seed: 10640985309803432887

161 dhn the Shield-Bearer (level 5, 0/47 HPs)
             Began as a Minotaur Fighter on Mar 17, 2019.
             Succumbed to an orc wizard's poison
             ... on level 3 of the Dungeon.
             The game lasted 00:02:20 (944 turns).

dhn the Shield-Bearer (Minotaur Fighter)             Turns: 944, Time: 00:02:20

Health: 0/47       AC:  7    Str: 20    XL:     5   Next: 19%
Magic:  4/4        EV:  8    Int:  5    God:
Gold:   58         SH: 13    Dex: 11    Spells: 4/4 levels left

rFire    . . .     SeeInvis .   a - +0 war axe
rCold    . . .     Gourm    .   c - +0 shield
rNeg     . . .     Faith    .   b - +0 scale mail
rPois    .         Spirit   .   (helmet restricted)
rElec    .         Reflect  .   (no cloak)
rCorr    .         Harm     .   (no gloves)
MR       .....     Clarity  +   (no boots)
Stlth    ..........             (no amulet)
HPRegen  0.15/turn              (no ring)
MPRegen  0.09/turn              (no ring)

@: lethally poisoned (0 -> -60)
A: retaliatory headbutt, horns 2, large bone plates 1, clarity
a: no special abilities


You were on level 3 of the Dungeon.
You were not hungry.

You visited 1 branch of the dungeon, and saw 4 of its levels.

You collected 58 gold pieces.

Inventory:

Hand Weapons
 a - a +0 war axe (weapon)
Armour
 b - a +0 scale mail (worn)
 c - a +0 shield (worn)
Jewellery
 i - a cursed ring of attention {unknown}
 j - an uncursed ring of see invisible {unknown}
Scrolls
 g - a scroll of blinking {unknown}
 k - 2 scrolls of teleportation {unknown}
 m - 2 scrolls of identify {unknown}
Potions
 d - 2 potions of might
 h - a potion of brilliance {unknown}
 l - a potion of resistance {unknown}
Comestibles
 f - 2 rations


   Skills:
 + Level 4.5 Fighting
 + Level 4.1 Axes
 + Level 4.5 Armour
 + Level 1.1 Dodging
 + Level 4.6 Shields


You had 4 spell levels left.
You didn't know any spells.
Your spell library was empty.

Dungeon Overview and Level Annotations

Branches:
Dungeon (4/15)
 Temple: D:4-7

Altars:
Wu Jian


Innate Abilities, Weirdness & Mutations

You reflexively headbutt those who attack you in melee.
You have a pair of horns on your head.
You are partially covered in large bone plates. (SH +4)
You possess an exceptional clarity of mind.


Message History

You are more poisoned.
Your shield and scale mail prevent you from hitting something.
You headbutt something.
* * * LOW HITPOINT WARNING * * *
You feel very sick. Something hits you but does no damage.
You are more poisoned.
You block something's attack. Something hits you but does no damage.
You are more poisoned.
You closely miss something.
* * * LOW HITPOINT WARNING * * *
You feel extremely sick. Something hits you.
* * * LOW HITPOINT WARNING * * *
You block something's attack.
Unknown command.
It was a potion of mutation.
You feel extremely strange.
Large bone plates grow over parts of your arms.
Your thoughts seem clearer.
You die...

#...## # ..# #.... .. #.#
#...# #.#######.# #...#
..........# #...########
#.#.......# #...#..?....
..........# #...#.......
#.#.......####...#.......
................@)†......
#.#.......####...#.......
.().......# #...#.......
#†#.......# #####.......
..........# #######
#.#.......# ..........#
#.#.####### #...#


There were no monsters in sight!

Vanquished Creatures
  A howler monkey (D:4)
  A hound (D:4)
  An orc wizard (D:4)
  An adder (D:4)
  An adder skeleton (D:4)
  2 dart slugs
  3 leopard geckos
  3 orcs
  A ball python (D:1)
  4 giant cockroaches
  2 goblins
  5 hobgoblins
  4 jackals
  3 bats (D:1)
  3 frilled lizards (D:1)
  2 kobolds
  A leopard gecko skeleton (D:4)
  3 rats
41 creatures vanquished.

Notes
Turn   | Place    | Note
-------+----------+-------------------------------------------
     0 | D:1      | dhn the Minotaur Fighter began the quest for the Orb.
     0 | D:1      | Reached XP level 1. HP: 19/19 MP: 0/0
   115 | D:1      | Reached XP level 2. HP: 27/27 MP: 1/1
   568 | D:2      | Reached XP level 3. HP: 33/33 MP: 2/2
   595 | D:2      | You fall through a shaft for 2 floors!
   615 | D:4      | Found an ornate altar of the Wu Jian Council.
   649 | D:4      | Reached XP level 4. HP: 40/41 MP: 3/3
   676 | D:4      | Reached skill level 1 in Dodging
   676 | D:4      | Reached XP level 5. HP: 29/47 MP: 4/4
   944 | D:3      | Gained mutation: You are partially covered in large bone
                  | plates. (SH +4) [potion of mutation]
   944 | D:3      | Gained mutation: You possess an exceptional clarity of
                  | mind. [potion of mutation]
   944 | D:3      | Succumbed to an orc wizard's poison

Skill      XL: |  1  2  3  4 |
---------------+-------------+-----
Fighting       | 4 |  4.5
Armour         | 4 |  4.5
Shields        | 4 |  4.6
Axes           | 3 4 |  4.1
Dodging        | 1 |  1.1

Action                   |  1- 3 |  4- 6 || total
-------------------------+-------+-------++-------
Melee: War axe           |    54 |    43 ||    97
       Headbutt          |     5 |     5 ||    10
  Use: Potion            |       |     1 ||     1
Armor: Scale mail        |    46 |    34 ||    80
Dodge: Dodged            |    25 |    15 ||    40
Block: Shield            |    42 |    30 ||    72
